 Dungeon Crawl Stone Soup version 0.19-a0-1498-g0b85ae9 (webtiles) character file.

106 Leszczynek the Cudgeler (level 4, 0/41 HPs)
             Began as an Ogre Necromancer on Sept 10, 2016.
             Slain by a jackal (2 damage)
             ... on level 3 of the Dungeon.
             The game lasted 00:11:43 (1956 turns).

Leszczynek the Cudgeler (Ogre Necromancer)          Turns: 1956, Time: 00:11:43

Health: 0/41       AC:  6    Str: 14    XL:     4   Next: 84%
Magic:  7/7        EV: 10    Int: 14    God:
Gold:   141        SH:  0    Dex: 10    Spells: 2 memorised, 5 levels left

rFire  . . .     SeeInvis .     b - +1 dagger (venom)
rCold  . . .     Gourm    .     k - +0 robe
rNeg   . . .     Faith    .     (no shield)
rPois  .         Spirit   .     (helmet restricted)
rElec  .         Dismiss  .     r - +2 cloak
rCorr  .         Reflect  .     (gloves unavailable)
MR     .....     Harm     .     (boots unavailable)
Stlth  +.........               c - amulet of magic regeneration
                                (no ring)
                                (no ring)

@: invisible
A: unfitting armour, tough skin 1
a: no special abilities


You were on level 3 of the Dungeon.
You were hungry.

You visited 1 branch of the dungeon, and saw 4 of its levels.

You collected 141 gold pieces.

Inventory:

Hand Weapons
 a - a +0 morningstar
 b - a +1 dagger of venom (weapon)
 e - a +0 whip
 h - a +0 hunting sling
Missiles
 l - 20 poisoned needles
Armour
 k - a +0 robe (worn)
 r - a +2 cloak (worn)
Jewellery
 c - an amulet of magic regeneration (around neck)
Scrolls
 j - a scroll of amnesia {unknown}
 m - 2 scrolls of magic mapping {unknown}
Potions
 g - a potion of degeneration {unknown}
 n - a potion of invisibility
 o - 2 potions of curing {unknown}
Books
 p - a book of Necromancy

   Spells                             Type                      Level
   a - Pain                           Necromancy                   1
   b - Animate Skeleton               Necromancy                   1
   c - Vampiric Draining              Necromancy                   3
   d - Regeneration                   Charms/Necromancy            3
   e - Animate Dead                   Necromancy                   4
   f - Control Undead                 Necromancy                   4
Comestibles
 d - 4 bread rations
 f - a beef jerky
 i - a chunk of flesh


   Skills:
 - Level 1.3 Fighting
 + Level 5.4 Maces & Flails
 - Level 1.7 Dodging
 - Level 1.5 Stealth
 - Level 2.4 Spellcasting
 - Level 2.9 Necromancy


You had 5 spell levels left.
You knew the following spells:

 Your Spells              Type           Power        Failure   Level  Hunger
a - Pain                  Necr           ##..         10%         1    #......
b - Animate Skeleton      Necr           N/A          10%         1    #......


Dungeon Overview and Level Annotations

Branches:
Dungeon (4/15)
 Temple: D:4-7

Altars:


Innate Abilities, Weirdness & Mutations

You are too large for most types of armour.
You have tough skin. (AC +1)


Message History

The jackal barely misses you. The jackal closely misses you.
The jackal bites you.
* * * LOW HITPOINT WARNING * * *
The jackal barely misses you.
There is a stone staircase leading up here.
The jackal barely misses you. The jackal closely misses you.
The jackal bites you but does no damage.
The orc priest hits you.
* * * LOW HITPOINT WARNING * * *
You climb upwards.
A bat comes into view.
The bat hits you but does no damage.
Found an escape hatch in the ceiling.
There is a stone staircase leading down here.
It was a potion of invisibility.
You fade into invisibility!
The jackal barely misses you.
The jackal bites you but does no damage.
The jackal bites you.
You die...

#.# .. #.# ### .
#.# #..
.######## #.#
#.# .........
#.# #.#
#........ #.#
#.# #...b....
#.###.#
#.o......
#.#...#
#@h......
#......
#hh.....<
###....
########. ######
...... ########
################
#......'
#.....).........
#.######
##.###..........
#.#.....
#.###(.(.......
#.#.....


You could see an orc priest, 3 jackals and a bat.

Vanquished Creatures
  3 adders
  An ooze (D:2)
  6 orcs
  9 bats
  A giant cockroach (D:2)
  5 goblins
  4 hobgoblins
  10 jackals
  6 kobolds
  A quokka (D:1)
  2 giant newts (D:1)
  5 rats
53 creatures vanquished.

Vanquished Creatures (collateral kills)
  An adder (D:2)
  A hobgoblin (D:2)
  3 rats
5 creatures vanquished.

Grand Total: 58 creatures vanquished

Notes
Turn   | Place    | Note
-------+----------+-------------------------------------------
     0 | D:1      | Leszczynek the Ogre Necromancer began the quest for the Orb.
     0 | D:1      | Reached XP level 1. HP: 16/16 MP: 3/3
     2 | D:1      | Learned a level 1 spell: Animate Skeleton
    33 | D:1      | Reached skill level 1 in Fighting
   169 | D:1      | Reached skill level 1 in Maces & Flails
   254 | D:1      | wrong key
   302 | D:1      | Reached XP level 2. HP: 4/27 MP: 0/5
   518 | D:2      | Reached skill level 2 in Maces & Flails
   822 | D:1      | Reached XP level 3. HP: 33/33 MP: 6/6
   851 | D:1      | Reached skill level 3 in Maces & Flails
  1327 | D:2      | Reached skill level 4 in Maces & Flails
  1362 | D:3      | Reached XP level 4. HP: 36/41 MP: 5/7
  1618 | D:2      | Reached skill level 5 in Maces & Flails
  1928 | D:3      | sure
  1950 | D:4      | Noticed a sky beast
  1953 | D:4      | HP: 3/41 [jackal (3)]
  1956 | D:3      | Slain by a jackal

Vault maps used:
D:1:      dpeg_arrival_chase, minmay_misc_feat_roman, minmay_misc_feat_doors
D:2:      first_bread

Skill      XL: |  1  2  3  4 |
---------------+-------------+-----
Fighting       | 1 |  1.3
Maces & Flails | 1 2 4 5 |  5.4
Dodging        | |  1.7
Stealth        | |  1.5
Spellcasting   | |  2.4
Necromancy     | |  2.9

Action                   |  1- 3 |  4- 6 || total
-------------------------+-------+-------++-------
Melee: Dagger            |     7 |    47 ||    54
       Unarmed           |     1 |       ||     1
       Whip              |    45 |       ||    45
       Short sword       |     3 |       ||     3
Throw: Stone             |     2 |       ||     2
 Cast: Pain              |    50 |     7 ||    57
       Animate Skeleton  |     7 |     9 ||    16
  Use: Scroll            |     4 |       ||     4
       Potion            |       |     1 ||     1
  Eat: Chunk             |     3 |     2 ||     5
Armor: Robe              |    38 |    29 ||    67
Dodge: Dodged            |    61 |    58 ||   119
